 Dungeon Crawl Stone Soup version 0.30.1-1-g62c8e00024 (webtiles) character file.

Game seed: 3608266509710328746

15919016 LordWeiramon the Middleweight Champion (level 27, 273/273 HPs)
             Began as a Ghoul Monk on July 16, 2023.
             Was the Champion of Cheibriados.
             Escaped with the Orb
             ... and 15 runes on July 17, 2023!
             The game lasted 06:31:56 (98149 turns).

LordWeiramon the Middleweight Champion (GhMo)      Turns: 98149, Time: 06:31:56

Health: 273/273    AC: 42    Str: 46 (47) XL:     27
Magic:  42/42      EV: 36    Int: 20      God:    Cheibriados [******]
Gold:   16125      SH: 30    Dex: 28      Spells: 26/26 levels left

rFire   + +          .
                       - Unarmed
rCold   + + .        S - +1 tower shield {rF+}
rNeg    + + +        j - +10 storm dragon scales
rPois   ∞            z - +2 hood of the Assassin {Detect Stab+ Stlth++}
rElec   +            G - +2 cloak {Stlth+}
rCorr   +            (no gloves)
SInv    +            P - +2 pair of boots {Fly}
Will    ++++.        r - amulet of Kaoger {Faith rN+ Will+ SInv Stlth+}
Stlth   ++++         w - ring of Roenifim {rF+ MP+9 Str+3 Dex+2}
HPRegen 0.65/turn    N - ring "Ummiwnek" {rElec rC+ Will+ rCorr}
MPRegen 0.28/turn

%: faith
@: flying, studying Invocations, very slow
A: claws 1, cold resistance 1, negative energy resistance 3, inhibited
regeneration, torment resistance 2, devour on kill
0: Orb of Zot
}: 15/15 runes: decaying, serpentine, slimy, silver, golden, iron, obsidian,
icy, bone, abyssal, demonic, glowing, magical, fiery, dark
a: Renounce Religion, Bend Time, Temporal Distortion, Slouch, Step From Time


You escaped.
You worshipped Cheibriados.
Cheibriados was exalted by your worship.
You visited 18 branches of the dungeon, and saw 86 of its levels.
You visited Pandemonium 1 time, and saw 19 of its levels.
You visited the Abyss 2 times.
You visited 1 bazaar.
You also visited: Ossuary, Gauntlet, Ice Cave, Volcano and Wizlab.

You collected 19103 gold pieces.
You spent 2978 gold pieces at shops.

Inventory:

Hand Weapons
 U - the +13 sceptre of Asmodeus
   (You took it off Asmodeus on level 7 of Gehenna)

   Fire Summon: It may summon demons of flame and damnation when striking foes.
Missiles
 x - a throwing net (quivered)
Armour
 j - +10 storm dragon scales (worn)
 u - a +0 helmet of intelligence
 z - the +2 hood of the Assassin (worn) {Detect Stab+ Stlth++}
   (You found it on level 7 of Cocytus)

   Detect:    It allows the wearer to sense nearby creatures.
   Stab+:     It allows the wearer to make particularly effective stabbing
   attacks against helpless or unaware enemies with any weapon.
   Stlth:     It makes you much more stealthy.
 G - a +2 cloak of stealth (worn)
 K - the +9 scales of the Dragon King {rPois rF+ rC+ Will+}
   (You took it off Parghit on level 2 of the Realm of Zot)

   rF:        It protects you from fire.
   rC:        It protects you from cold.
   rPois:     It protects you from poison.
   Will:      It increases your willpower.
 P - a +2 pair of boots of flying (worn)
 R - a +0 tower shield of cold resistance
 S - a +1 tower shield of fire resistance (worn)
 X - the orb of Dispater {+Damnation *Corrode AC+5}
   (You took it off Dispater on level 7 of the Iron City of Dis)

   +Damnation: It grants the ability to hurl damnation at the cost of health and
   magic, with strength depending on Evocations skill.
   AC:        It affects your AC (+5).
   *Corrode:  It may corrode you when you take damage.
Jewellery
 a - a ring of protection from cold
 i - the ring "Yhothrane" {Fly rC+ rCorr}
   (You took it off a deep elf annihilator on level 5 of the Vaults)

   [ring of flight]

   rC:        It protects you from cold.
   Fly:       It grants you flight.
   rCorr:     It protects you from acid and corrosion.
 r - the amulet of Kaoger (around neck) {Faith rN+ Will+ SInv Stlth+}
   (You acquired it on level 4 of the Realm of Zot)

   [amulet of faith]

   It allows you to gain divine favour quickly.
   rN:        It protects you from negative energy.
   SInv:      It lets you see invisible.
   Will:      It increases your willpower.
   Stlth:     It makes you more stealthy.
 w - the ring of Roenifim (left claw) {rF+ MP+9 Str+3 Dex+2}
   (You found it on level 1 of the Swamp)

   [ring of magical power]

   Str:       It affects your strength (+3).
   Dex:       It affects your dexterity (+2).
   rF:        It protects you from fire.
   MP:        It affects your magic capacity (+9).
 D - a ring of see invisible
 I - the ring "Ekhiqem" {Will+ EV+5}
   (You found it on level 5 of the Pits of Slime)

   [ring of evasion]

   EV:        It affects your evasion (+5).
   Will:      It increases your willpower.
 M - the ring of Zevon {rF+ MP+9 Dex+3}
   (You found it in a Gauntlet)

   [ring of magical power]

   Dex:       It affects your dexterity (+3).
   rF:        It protects you from fire.
   MP:        It affects your magic capacity (+9).
 N - the ring "Ummiwnek" (right claw) {rElec rC+ Will+ rCorr}
   (You took it off a red devil in Pandemonium)

   [ring of willpower]

   rC:        It protects you from cold.
   rElec:     It insulates you from electricity.
   rCorr:     It protects you from acid and corrosion.
   Will:      It increases your willpower.
 Q - the ring of Xom's Recklessness {rCorr AC+4}
   (You found it on level 1 of the Crypt)

   [ring of protection]

   AC:        It affects your AC (+4).
   rCorr:     It protects you from acid and corrosion.
 W - the dreamshard necklace {*Dream Drain}
   (You found it on level 7 of the Iron City of Dis)

   [amulet of nothing]

   *Dream:    It shatters if its wearer takes lethal or near-lethal damage,
   preventing the blow and releasing protective dreams that heal and fight for
   the wearer.
   Drain:     It drains your maximum health when unequipped.
 Y - the amulet of the Air {Inacc Air Fly rElec RMsl}
   (You found it on level 7 of the Iron City of Dis)

   [amulet of nothing]

   Inacc:     It reduces the accuracy of your attacks and spells.
   Air:       It enhances your air magic.
   rElec:     It insulates you from electricity.
   Fly:       It grants you flight.
   RMsl:      It protects you from missiles.
Wands
 c - a wand of mindburst (56)
 f - a wand of charming (110)
 n - a wand of roots (102)
 A - a wand of digging (8)
 J - a wand of quicksilver (68)
 L - a wand of flame (181)
 O - a wand of polymorph (65)
Scrolls
 e - 17 scrolls of teleportation
 h - 10 scrolls of blinking
 k - 5 scrolls of summoning
 m - 9 scrolls of fog
 p - 7 scrolls of fear
 s - 16 scrolls of amnesia
 v - 2 scrolls of torment
 y - 7 scrolls of magic mapping
 B - a scroll of silence
 C - 36 scrolls of identify
Potions
 b - 8 potions of ambrosia
 d - 16 potions of flight
 g - 13 potions of brilliance
 l - 9 potions of invisibility
 o - 8 potions of might
 t - 19 potions of curing
 E - 7 potions of heal wounds
 F - 11 potions of magic
 H - 9 potions of cancellation
 V - 3 potions of resistance
Miscellaneous
 q - a box of beasts
 T - a condenser vane
 Z - a figurine of a ziggurat


   Skills:
 O Level 27 Fighting
 - Level 6.9 Throwing
 O Level 27 Armour
 O Level 27 Dodging
 O Level 27 Stealth
 O Level 27 Shields
 O Level 27 Unarmed Combat
 - Level 14.8 Invocations
 + Level 14.9 Evocations


You had 26 spell levels left.
You didn't know any spells.
Your spell library contained the following spells:

 Spells                   Type           Power      Damage    Failure   Level
 Foxfire                  Conj/Fire      0%         2x1d4     30%         1
 Freeze                   Ice            0%         1d3       30%         1
 Kiss of Death            Conj/Necr      0%         2d5       30%         1
 Necrotise                Necr           0%         1d4       30%         1
 Sandblast                Erth           0%         2d4       30%         1
 Shock                    Conj/Air       0%         1d3       30%         1
 Sting                    Tmut/Pois      0%         1d3       30%         1
 Summon Small Mammal      Summ           0%         N/A       30%         1
 Blink                    Tloc           0%         N/A       41%         2
 Call Imp                 Summ           0%         N/A       41%         2
 Ensorcelled Hibernation  Hex/Ice        0%         N/A       41%         2
 Lesser Beckoning         Tloc           0%         N/A       41%         2
 Momentum Strike          Conj/Tloc      0%         3d8       41%         2
 Passwall                 Tmut/Erth      0%         N/A       41%         2
 Poisonous Vapours        Pois/Air       0%         N/A       41%         2
 Scorch                   Fire           0%         2d5       41%         2
 Static Discharge         Conj/Air       0%         2-2/arc   41%         2
 Call Canine Familiar     Summ           0%         N/A       65%         3
 Confusing Touch          Hex            0%         N/A       65%         3
 Dazzling Flash           Conj/Hex       0%         N/A       65%         3
 Frozen Ramparts          Ice            0%         1d1       65%         3
 Gell's Gravitas          Tloc           0%         N/A       65%         3
 Hailstorm                Conj/Ice       0%         3d3       65%         3
 Ignite Poison            Fire/Tmut/Pois 0%         N/A       65%         3
 Inner Flame              Hex/Fire       0%         N/A       65%         3
 Mephitic Cloud           Conj/Pois/Air  0%         N/A       65%         3
 Ozocubu's Armour         Ice            0%         N/A       65%         3
 Portal Projectile        Hex/Tloc       0%         N/A       65%         3
 Stone Arrow              Conj/Erth      0%         3d7       65%         3
 Summon Guardian Golem    Hex/Summ       0%         N/A       65%         3
 Swiftness                Air            0%         N/A       65%         3
 Teleport Other           Tloc           0%         N/A       65%         3
 Tukima's Dance           Hex            0%         N/A       65%         3
 Vampiric Draining        Necr           0%         2d6       65%         3
 Vhi's Electric Charge    Tloc/Air       0%         N/A       65%         3
 Volatile Blastmotes      Fire/Tloc      0%         2d10      65%         3
 Airstrike                Air            0%         2d(0-16)  96%         4
 Anguish                  Hex/Necr       0%         N/A       96%         4
 Animate Armour           Summ/Erth      0%         N/A       96%         4
 Animate Dead             Necr           0%         N/A       96%         4
 Cause Fear               Hex            0%         N/A       96%         4
 Dispel Undead            Necr           0%         3d6       96%         4
 Flame Wave               Conj/Fire      0%         2d4       96%         4
 Fulminant Prism          Conj/Hex       0%         3d5       96%         4
 Iskenderun's Mystic Bla  Conj/Tloc      0%         2d3       96%         4
 Leda's Liquefaction      Hex/Erth       0%         N/A       96%         4
 Manifold Assault         Tloc           0%         N/A       96%         4
 Olgreb's Toxic Radiance  Pois           0%         N/A       96%         4
 Passage of Golubria      Tloc           0%         N/A       96%         4
 Petrify                  Tmut/Erth      0%         N/A       96%         4
 Sticky Flame             Conj/Fire      0%         2d3       96%         4
 Summon Ice Beast         Ice/Summ       0%         N/A       96%         4
 Summon Lightning Spire   Summ/Air       0%         N/A       96%         4
 Agony                    Necr           0%         N/A       100%        5
 Alistair's Intoxication  Tmut/Pois      0%         N/A       100%        5
 Arcjolt                  Conj/Air       0%         1d10      100%        5
 Borgnjor's Vile Clutch   Necr/Erth      0%         N/A       100%        5
 Fireball                 Conj/Fire      0%         3d3       100%        5
 Freezing Cloud           Conj/Ice/Air   0%         6-21      100%        5
 Irradiate                Conj/Tmut      0%         3d11      100%        5
 Lee's Rapid Deconstruct  Erth           0%         3d4*      100%        5
 Metabolic Englaciation   Hex/Ice        0%         N/A       100%        5
 Silence                  Hex/Air        0%         N/A       100%        5
 Summon Forest            Summ/Tloc      0%         N/A       100%        5
 Summon Mana Viper        Hex/Summ       0%         N/A       100%        5
 Conjure Ball Lightning   Conj/Air       0%         3x3d6     100%        6
 Death Channel            Necr           0%         N/A       100%        6
 Dispersal                Tloc           0%         N/A       100%        6
 Eringya's Noxious Bog    Tmut/Pois      0%         N/A       100%        6
 Iron Shot                Conj/Erth      0%         9d1       100%        6
 Plasma Beam              Fire/Air       0%         2x1d11    100%        6
 Simulacrum               Ice/Necr       0%         N/A       100%        6
 Starburst                Conj/Fire      0%         6d3       100%        6
 Summon Cactus Giant      Summ           0%         N/A       100%        6
 Haunt                    Necr/Summ      0%         N/A       100%        7
 Malign Gateway           Summ/Tloc      0%         N/A       100%        7
 Monstrous Menagerie      Summ           0%         N/A       100%        7
 Orb of Destruction       Conj           0%         9d5       100%        7
 Spellforged Servitor     Conj/Summ      0%         N/A       100%        7
 Summon Hydra             Summ           0%         N/A       100%        7
 Discord                  Hex            0%         N/A       100%        8
 Disjunction              Tloc           0%         N/A       100%        8
 Ignition                 Fire           0%         3d3       100%        8
 Lehudib's Crystal Spear  Conj/Erth      0%         10d2      100%        8
 Maxwell's Capacitive Co  Air            0%         ∞         100%        8
 Summon Horrible Things   Summ           0%         N/A       100%        8
 Chain Lightning          Conj/Air       0%         N/A       100%        9
 Dragon's Call            Summ           0%         N/A       100%        9
 Sublimation of Blood     Necr           Unusable   N/A       N/A         2
 Wereblood                Tmut           Unusable   N/A       N/A         2
 Spider Form              Tmut/Pois      Unusable   N/A       N/A         3
 Ice Form                 Ice/Tmut       Unusable   N/A       N/A         4
 Blade Hands              Tmut           Unusable   N/A       N/A         5
 Statue Form              Tmut/Erth      Unusable   N/A       N/A         6
 Dragon Form              Tmut           Unusable   N/A       N/A         7
 Storm Form               Tmut/Air       Unusable   N/A       N/A         7
 Death's Door             Necr           Unusable   N/A       N/A         9

Dungeon Overview and Level Annotations

Branches:
Dungeon (15/15)            Temple (1/1) D:6            Lair (5/5) D:10
  Swamp (4/4) Lair:2        Snake (4/4) Lair:3        Slime (5/5) Lair:4
    Orc (2/2) D:9             Elf (3/3) Orc:2        Vaults (5/5) D:13
  Crypt (3/3) Vaults:3       Tomb (3/3) Crypt:3      Depths (4/4) D:15
   Hell (visited)             Dis (7/7) Hell            Geh (7/7) Hell
    Coc (7/7) Hell            Tar (7/7) Hell            Zot (5/5) Depths:4
Ossuary (visited)           IceCv (visited)         Volcano (visited)
 WizLab (visited)         Gauntlet (visited)

Altars:
Ashenzari
Cheibriados
Dithmenos
Fedhas
Gozag
Hepliaklqana
Kikubaaqudgha
Makhleb
Nemelex Xobeh
Okawaru
Ru
Sif Muna
Vehumet
Wu Jian
Xom
Yredelemnul

Shops:
D:1 *   D:3 *((   D:11 :   Orc:1 *   Orc:2 *[=(   Elf:3 *   Snake:4 *:((
Depths:2 ![*

Portals:
Hell: Depths:1 Depths:2 Depths:3 Depths:4
Abyss: Crypt:1 Depths:3
Pandemonium: Depths:1 Depths:2 Depths:4
Ziggurat: Depths:2
Trove: Vaults:1 (give +4 storm dragon scales)

Annotations:
Tar:2 36 runed doors


Innate Abilities, Weirdness & Mutations

You are immune to poison.
You have sharp fingernails.
Your flesh is cold resistant. (rC+)
You are immune to negative energy. (rN+++)
You do not regenerate when monsters are visible.
You are immune to unholy pain and torment.
You thrive by killing the living.


Message History

The orange demon is heavily wounded.
The orange demon misses you. You block the orange demon's attack.
You claw the orange demon!
The orange demon is severely wounded.
You barely miss the orange demon.
The orange demon is severely wounded.
You block the orange demon's attack. The orange demon barely misses you.
You barely miss the orange demon.
The orange demon is severely wounded.
You eviscerate the orange demon!!!
You kill the orange demon!
Cheibriados thoroughly appreciates the change of pace.
(D) Dungeon (T) Temple (L) Lair (S) Swamp (P) Snake Pit (M) Slime Pits (O) Orcish Mines (E) Elven Halls (V) Vaults (C) Crypt (W) Tomb (U) Depths (H) Hell (I) Dis (G) Gehenna (X) Cocytus (Y) Tartarus (Z) Zot
Where to? (Enter - D:1, ? - help)
There is an escape hatch in the ceiling here.
A mysterious force pulls you upwards. The hatch slams shut behind you.
There is a stone staircase leading up here.
You fly upwards.
There is a stone staircase leading down here.
A Tzitzimitl comes into view.
You barely miss the Tzitzimitl. You eviscerate the Tzitzimitl!!!
The Tzitzimitl is heavily wounded.
You block the Tzitzimitl's attack. x2
You closely miss the Tzitzimitl.
The Tzitzimitl is heavily wounded.
You eviscerate the Tzitzimitl!!!!
You kill the Tzitzimitl!
Cheibriados appreciates the change of pace.
Aiming: Dig
Press: ? - help, Shift-Dir - straight line A rock wall.
This square is covered in magical glow.
The rock shatters into small pieces.
There is a staircase leading out of the dungeon here.
You have escaped!

...###.....8......♣#.##.##...##..
...##...........♣..#.............
.######............#.............
.# #.∩............#..........#.)
.######............#........#....
.....#............♣#.............
.###.#.....♣.......#........#.#..
.....#..........................>
.#.###..........@.###...#####.##.
.#...∩...........###.....## #.###
######...♣......###.......# #.# #
##........~###.......###.#
######♣♣###.........##..#
##.......###.## # ###.....#...# #
#........###### # #.......####...


There were no monsters in sight!

Vanquished Creatures
  Cerebov (Pan)
  Antaeus (Coc:7)
  Asmodeus (Geh:7)
  the Royal Jelly (Slime:5)
  Ereshkigal (Tar:7)
  Gloorx Vloq (Pan)
  the Serpent of Hell (Coc:7)
  Mnoleg (Pan)
  Lom Lobon (Pan)
  Dispater (Dis:7)
  9 ancient liches
  Mennas (Vaults:5)
  8 orbs of fire
  14 dread liches
  Mara (Swamp:4)
  A juggernaut (Abyss:3)
  39 royal mummies
  Frederick (Vaults:3)
  7 shard shrikes
  Parghit (Zot:2)
  11 Killer Klowns
  Xtahua (Crypt:1)
  26 caustic shrikes
  Saint Roka (Orc:2)
  Geryon (Hell)
  4 curse toes
  8 golden dragons
  The ghost of Esecs the Devastator, a veteran GrEE of Lugonu (Crypt:1)
  Jory (Vaults:2)
  23 profane servitors
  6 bone dragons
  3 electric golems
  21 Tzitzimimeh
  13 Brimstone Fiends
  8 iron giants
  6 doom hounds
  6 pandemonium lords (Pan)
  10 hellephants
  Mlioglotl (Swamp:4)
  21 Ice Fiends
  12 tentacled monstrosities
  3 walking crystal tomes
  14 Hell Sentinels
  Zenata (Elf:2)
  27 Orb Guardians
  11 liches
  A walking divine tome (WizLab)
  9 quicksilver dragons
  3 deep elf blademasters
  28 tainted leviathans
  38 searing wretches
  Asterion (Elf:2)
  A kraken (Abyss:3)
  2 deep elf master archers (Elf:3)
  15 titans
  8 death cobs
  38 Executioners (Pan)
  26 ancient champions
  Frances (Snake:1)
  5 tengu reavers (Vaults:5)
  14 acid blobs
  8 sphinxes
  Gastronok (D:8)
  2 tentacled starspawn
  Agnes (Snake:1)
  A storm dragon (shapeshifter) (Vaults:5)
  16 shadow dragons
  Roxanne (Elf:3)
  Kirke (Swamp:4)
  A daeva (Pan)
  18 rockslimes
  2 strange machines (WizLab)
  14 draconian monks
  3 nagarajas (Snake:4)
  5 demonspawn warmongers (Pan)
  4 revenants
  5 draconian knights
  17 storm dragons
  10 azure jellies
  13 fire giants
  9 quicksilver elementals
  7 narguns
  A caustic shrike zombie (Hell)
  9 deep elf sorcerers
  17 frost giants
  36 balrugs
  4 curse skulls
  15 vault wardens
  9 draconian shifters
  5 draconian stormcallers
  14 shard shrike simulacra
  7 iron dragons
  8 draconian annihilators
  12 ghouls
  7 draconian scorchers
  2 spectral caustic shrikes
  4 ghost moths
  2 orc warlords (Depths:2)
  11 demonspawn blood saints (Pan)
  4 angels (Zot:1)
  15 reapers
  13 ironbound preservers
  2 juggernaut zombies
  3 deep elf elementalists (Elf:3)
  4 ironbound thunderhulks
  7 demonspawn corrupters (Pan)
  19 very ugly things
  27 cacodemons
  4 spriggan defenders (Depths:3)
  9 quicksilver oozes
  A caustic shrike skeleton (Pan)
  The ghost of jurchenman the Eclecticist, a journeyman DECj of Vehumet (Orc:2)
  31 war gargoyles
  6 vampire knights
  6 eleionomae
  29 elemental wellsprings
  13 green draconians
  10 lorocyprocas
  18 stone giants
  5 demonspawn black suns (Pan)
  10 deep elf annihilators
  13 black draconians
  3 spectral titans
  2 bunyips
  12 red draconians
  A minotaur (Gauntlet)
  10 white draconians
  13 dire elephants
  4 deep elf demonologists
  13 yellow draconians
  14 purple draconians
  10 bennus
  14 spark wasps
  15 wendigos
  20 putrid mouths
  3 eidola
  3 crystal guardians
  20 ettins
  6 deep elf death magi
  An ettin (shapeshifter) (Depths:2)
  31 mummy priests
  A merfolk impaler (Depths:1)
  25 blizzard demons
  Snorg (D:11)
  29 iron golems
  A spectral quicksilver dragon (Tar:3)
  19 green deaths (Pan)
  17 yaktaur captains
  3 spectral krakens (Tar:7)
  2 deep elf high priests (Elf:3)
  A spectral iron giant (Tar:4)
  9 fire dragons
  4 spriggan zombies
  2 entropy weavers
  A quicksilver dragon zombie (Hell)
  2 jiangshi (Crypt:1)
  8 great orbs of eyes
  21 hydras
  9 caustic shrike simulacra
  35 vault guards
  2 spectral shadow dragons
  5 hell beasts
  Josephine (Lair:4)
  7 ice dragons
  3 spectral spriggans
  6 juggernaut simulacra
  9 salamander tyrants
  A ghost crab (Swamp:2)
  16 rakshasas
  15 centaur warriors
  3 spriggan air magi
  A radroach (shapeshifter) (Vaults:5)
  Erica (D:11)
  The ghost of Virecef the Nimble, a journeyman SpRe of Sif Muna (D:13)
  7 boulder beetles
  3 death knights
  40 dancing weapons
  3 deep troll shamans
  9 ironbound frosthearts
  7 anacondas
  6 two-headed ogres
  7 alligators
  15 naga warriors
  14 stokers
  9 tengu warriors
  65 death scarabs
  16 naga sharpshooters
  14 hell hogs
  8 death yaks
  A titan zombie (Depths:1)
  An azure jelly zombie (Crypt:3)
  4 shock serpents
  4 spriggan berserkers
  Urug (D:12)
  3 orc high priests
  7 vampire magi
  31 soul eaters
  5 deep troll earth magi
  A spectral dire elephant (Tar:3)
  7 thrashing horrors
  A spectral naga (Tar:1)
  44 sun demons
  17 deep elf knights
  3 crystal echidnas
  3 hell knights (Vaults:5)
  24 spriggans
  3 wretched stars (Abyss:3)
  A fire crab (shapeshifter) (D:13)
  37 skeletal warriors
  10 iron trolls
  3 storm dragon skeletons
  13 salamander mystics
  A spectral anaconda (Lair:5)
  9 shadow wraiths
  A titan skeleton (Pan)
  23 sixfirhies
  Lodul (D:11)
  3 goliath frogs
  A spark wasp zombie (Hell)
  42 deep trolls
  2 flayed ghosts
  9 naga ritualists
  2 spectral hydras (Tar:2)
  18 wizards
  6 quicksilver dragon simulacra
  3 sea snakes (Snake:3)
  7 glowing orange brains
  A golden dragon skeleton (Pan)
  6 spriggan druids
  16 ironbound convokers
  10 swamp dragons
  11 deep elf archers
  10 shadow demons (Pan)
  11 bog bodies
  2 lindwurms (Vaults:1)
  The ghost of Fodor the Carver, a novice MiFi (D:5)
  3 spriggan simulacra
  3 bunyip skeletons
  2 harpies (Abyss:4)
  2 obsidian statues
  22 deep elf zephyrmancers
  9 phantasmal warriors
  A shadow dragon zombie (Hell)
  29 ugly things
  5 orc knights
  A tengu zombie (Hell)
  14 necromancers
  An orange crystal statue (D:12)
  3 orc sorcerers (Orc:2)
  24 deep elf pyromancers
  2 stone giant zombies (Hell)
  The ghost of turdburglar the Digger, a novice GnEE of Vehumet (D:5)
  2 spectral ettins
  7 mana vipers
  2 cyclopes (shapeshifter) (Vaults:5)
  9 cyclopes
  2 manticores
  A manticore (shapeshifter) (Zot:1)
  3 frost giant zombies
  A worldbinder (Abyss:4)
  3 will-o-the-wisps
  3 fire giant zombies (Hell)
  A wolf spider (shapeshifter) (Vaults:5)
  8 shining eyes
  A spectral centaur (Tar:1)
  An iron dragon skeleton (Pan)
  A centaur zombie (Tomb:2)
  A dire elephant zombie (Lair:5)
  20 elephants
  16 vault sentinels
  7 rust devils
  A naga zombie (Crypt:1)
  36 salamanders
  A guardian serpent (Snake:4)
  Maurice (D:9)
  A titan simulacrum (Coc:4)
  41 black mambas
  24 naga magi
  19 moths of wrath
  4 stone giant skeletons
  6 molten gargoyles (Hell)
  2 centaur skeletons
  An ice statue (IceCv)
  10 demonic crawlers
  36 orange demons
  12 spectral swamp worms (Tar:7)
  8 cane toads
  3 eyes of devastation
  2 torpor snails
  4 gargoyles
  4 dire elephant skeletons
  An unseen horror (shapeshifter) (D:14)
  33 smoke demons
  26 hellions
  A sea snake zombie (Crypt:2)
  5 unseen horrors
  3 kobold demonologists
  9 efreet
  43 yaktaurs
  9 freezing wraiths
  18 tormentors
  3 komodo dragons
  A purple draconian zombie (Crypt:3)
  49 guardian mummies
  4 iron giant simulacra
  6 rime drakes
  3 ice devils
  6 anaconda simulacra
  4 golden dragon simulacra
  A spectral harpy (Tar:1)
  2 tengu conjurers
  2 yaktaur skeletons (Vaults:5)
  A queen bee (Abyss:3)
  2 silent spectres
  8 red devils
  22 hellwings
  The ghost of turdburglar the Cutter, a novice VSFi of Dithmenos (D:5)
  5 meliai (Abyss:3)
  A mana viper zombie (Crypt:3)
  25 hornets
  13 tyrant leeches
  Grinder (D:4)
  A bloated husk (Swamp:1)
  4 harpy skeletons
  10 polar bears
  16 wind drakes
  9 blink frogs
  2 hydra skeletons
  7 trolls
  A raiju (Abyss:3)
  A spectral elephant (Lair:5)
  An ice dragon zombie (Crypt:1)
  3 stone giant simulacra
  2 iron dragon simulacra
  4 dream sheep (Lair:5)
  130 slime creatures
  A guardian serpent skeleton (Crypt:2)
  54 flying skulls
  A culicivora (Vaults:4)
  3 spriggan skeletons
  2 centaur simulacra
  9 wraiths
  4 water elementals
  5 air elementals
  Sigmund (D:2)
  A human (shapeshifter) (Elf:3)
  27 ynoxinuls
  2 black mamba skeletons
  6 basilisks
  5 ettin skeletons
  7 wyverns
  2 orc simulacra (Coc:1)
  34 ushabtiu
  A hog (shapeshifter) (Vaults:5)
  A vampire (Depths:2)
  An alligator snapping turtle simulacrum (Hell)
  4 shadows
  5 fire bats
  A redback (Vaults:4)
  A tyrant leech zombie (Crypt:3)
  30 golden eyes
  94 yaks
  6 fire elementals
  20 chaos spawn
  16 neqoxecs (Pan)
  4 dire elephant simulacra
  Grum (D:9)
  A steam dragon (Lair:3)
  10 vampire mosquitoes
  A death yak simulacrum (Lair:5)
  16 humans (D:13)
  Menkaure (D:7)
  8 wargs
  13 harpy simulacra
  24 swamp worms
  An acid dragon (D:12)
  51 large abominations
  47 nagas
  A human zombie (Hell)
  The ghost of CInkIbrahim the Chopper, an amateur GrBe of Trog (D:5)
  A merfolk zombie (Crypt:2)
  A floating eye (Depths:4)
  11 water moccasins
  14 hell hounds
  A two-headed ogre skeleton (Crypt:1)
  33 orc warriors
  A glowing shapeshifter skeleton (Vaults:5)
  A sky beast (D:7)
  An ice beast (D:5)
  2 black bears
  10 swamp drakes
  An elephant zombie (Lair:5)
  3 ettin simulacra
  12 ogres
  A snapping turtle skeleton (Crypt:2)
  2 boggarts
  12 centaurs
  31 wolves
  A phantom (D:5)
  An elephant skeleton (Lair:5)
  A rime drake zombie (Crypt:2)
  A hog skeleton (Crypt:2)
  Blork the orc (Orc:2)
  3 gnoll sergeants
  7 bullfrogs
  7 elf zombies
  4 scorpions
  11 necrophages
  2 naga simulacra
  A cyclops zombie (Crypt:1)
  9 earth elementals
  A water moccasin skeleton (Crypt:1)
  9 killer bees
  An elephant simulacrum (Lair:5)
  4 electric eels
  3 howler monkeys
  2 vampire bats (Abyss:4)
  A wolf zombie (Crypt:1)
  8 crimson imps (Pan)
  2 lava snakes (Snake:4)
  15 jellies
  4 hounds
  A bullfrog skeleton (Crypt:2)
  27 orc priests
  2 gnoll boudas
  17 starcursed masses
  3 sleepcaps
  Natasha (twice) (D:4)
  4 iguanas
  20 orc wizards
  A deep dwarf skeleton (Crypt:1)
  2 naga skeletons
  2 spectral hounds (Depths:2)
  66 mummies
  An acid dragon skeleton (Crypt:3)
  6 adders
  36 gnolls
  2 shadow imps
  An ufetubus (D:5)
  2 worms
  4 dart slugs
  113 orcs
  21 endoplasms
  4 giant cockroaches
  A gnoll zombie (Ossuary)
  7 goblins
  8 hobgoblins
  20 jackals
  2 quokkas
  6 ball pythons
  4 bats
  An endoplasm zombie (Crypt:1)
  3 frilled lizards
  A hobgoblin zombie (Ossuary)
  12 kobolds
  3 kobold zombies (Ossuary)
  3 orc zombies (Ossuary)
  A quokka skeleton (Crypt:1)
  2 quokka zombies (D:5)
  2 rats
  A butterfly (Zot:1)
  6 creeping infernos
  27 fire vortices
  11 tentacles
4318 creatures vanquished.

Vanquished Creatures (collateral kills)
  3 iron golems (Dis:7)
3 creatures vanquished.

Vanquished Creatures (others)
  An ancient lich (Zot:3)
  A shard shrike (Coc:7)
  An eldritch tentacle (Pan)
  A nagaraja (Snake:4)
  A ghost moth (Zot:4)
  2 draconian knights (Zot:3)
  2 draconian shifters (Zot:3)
  A draconian scorcher (Zot:3)
  2 shard shrike simulacra (Coc:7)
  3 caustic shrike simulacra (Coc:7)
  A spriggan air mage (Pan)
  A stoker (Geh:4)
  A deep elf knight (Elf:1)
  A quicksilver dragon simulacrum (Coc:7)
  A wizard (Depths:2)
  A spriggan simulacrum (Coc:5)
  A deep elf zephyrmancer (Elf:3)
  A cyclops (Depths:2)
  2 titan simulacra
  A smoke demon (Pan)
  5 anaconda simulacra (Coc:7)
  2 bloated husks
  A wind drake (Pan)
  A wyvern (Abyss:4)
  A dire elephant simulacrum (Coc:7)
  An alligator snapping turtle simulacrum (Coc:3)
  3 humans (Swamp:4)
  A neqoxec (Pan)
  A hydra simulacrum (Coc:3)
  A harpy simulacrum (Coc:4)
  2 ettin simulacra (Coc:7)
  A centaur (Depths:2)
  3 naga simulacra
  3 ball lightnings (Pan)
  A butterfly (Abyss:4)
  6 creeping infernos
  2 fire vortices (Geh:6)
  12 foxfires
  2 starspawn tentacles (Crypt:1)
  14 tentacles
89 creatures vanquished.

Grand Total: 4410 creatures vanquished

Notes
Turn   | Place    | Note
-------+----------+-------------------------------------------
     0 | D:1      | LordWeiramon the Ghoul Monk began the quest for the Orb.
     0 | D:1      | Reached XP level 1. HP: 19/19 MP: 0/0
   110 | D:1      | Reached XP level 2. HP: 24/26 MP: 1/1
   421 | D:1      | Found Immubbaz's General Store.
   485 | D:2      | Reached XP level 3. HP: 24/31 MP: 2/2
   573 | D:2      | Noticed Sigmund
   916 | D:2      | Reached skill level 5 in Unarmed Combat
  1146 | D:3      | Found Vumnak's Antique Weapon Boutique.
  1263 | D:1      | Bought a potion of curing for 39 gold pieces
  1398 | D:3      | Reached XP level 4. HP: 37/38 MP: 3/3
  1429 | D:3      | Reached XP level 5. HP: 44/45 MP: 4/4
  1578 | D:3      | Reached XP level 6. HP: 26/51 MP: 5/5
  1735 | D:3      | Found Ucugu's Weapon Shop.
  1782 | D:3      | Found a faded altar of an unknown god.
  1905 | D:3      | Found Huown's Assorted Antiques.
  2304 | D:3      | Reached XP level 7. HP: 59/59 MP: 6/6
  2356 | D:3      | Reached skill level 5 in Fighting
  2770 | D:3      | Found an opulent altar of Gozag.
  2797 | D:3      | Found a hazy altar of Hepliaklqana.
  2936 | D:3      | Bought a scroll labelled HILUWNETEOR for 22 gold pieces
  2936 | D:3      | Bought a scroll labelled SUIG WEF JEB for 22 gold pieces
  2936 | D:3      | Bought a scroll labelled ODEFOA POSUIW for 22 gold pieces
  2945 | D:4      | Noticed Grinder
  3032 | D:4      | Killed Grinder
  3033 | D:4      | Reached XP level 8. HP: 64/70 MP: 7/7
  3148 | D:3      | Bought a scroll labelled VEADA BOOMMUUZ for 22 gold pieces
  3188 | D:4      | Found a shimmering altar of Xom.
  3354 | D:4      | Noticed Natasha
  3359 | D:4      | Killed Natasha
  3413 | D:4      | Got the Parchment of Inhalation and Destruction
  3420 | D:4      | Identified the +9 dagger "Utygeora" {venom, rPois Str+9
                  | Dex+2}
  3675 | D:5      | Entered Level 5 of the Dungeon
  3741 | D:4      | Noticed Natasha
  3748 | D:4      | Killed Natasha
  3807 | D:5      | Found a runed translucent gate.
  3807 | D:5      | Found a runed translucent gate.
  3808 | D:5      | Found a runed translucent gate.
  3809 | D:5      | Noticed Fodor's ghost (novice MiFi)
  3809 | D:5      | Noticed turdburglar's ghost (novice GnEE)
  3810 | D:5      | Noticed CInkIbrahim's ghost (amateur GrBe)
  3810 | D:5      | Noticed turdburglar's ghost (novice VSFi)
  3885 | D:5      | Reached skill level 10 in Unarmed Combat
  4044 | D:5      | Found a sand-covered staircase.
  4051 | Ossuary  | Entered an ossuary
  4588 | D:5      | Found an ornate altar of the Wu Jian Council.
  4639 | D:5      | Reached XP level 9. HP: 75/75 MP: 8/8
  5542 | D:1      | Bought a scroll of identify for 26 gold pieces
  5542 | D:1      | Bought a potion of might for 52 gold pieces
  5554 | D:1      | Bought a scroll of identify for 26 gold pieces
  5554 | D:1      | Bought a scroll of teleportation for 39 gold pieces
  5780 | D:6      | Identified the +0 dagger "Qobu" {antimagic, SInv}
  6258 | D:6      | Found a staircase to the Ecumenical Temple.
  6268 | Temple   | Entered the Ecumenical Temple
  6365 | Temple   | Became a worshipper of Cheibriados the Contemplative
  6365 | Temple   | Reached * piety under Cheibriados
  6365 | Temple   | Reached ** piety under Cheibriados
  6960 | D:7      | Noticed Menkaure
  7060 | D:7      | Killed Menkaure
  7283 | D:7      | Found an iron altar of Okawaru.
  7559 | D:8      | Noticed a two-headed ogre
  7572 | D:8      | Killed a two-headed ogre
  7573 | D:8      | Reached XP level 10. HP: 46/83 MP: 9/9
  7715 | D:8      | Reached *** piety under Cheibriados
  7963 | D:8      | Found a shadowy altar of Dithmenos.
  7964 | D:8      | Found a burning altar of Makhleb.
  7999 | D:8      | Noticed Gastronok
  8008 | D:8      | Killed Gastronok
  8009 | D:8      | Reached skill level 15 in Unarmed Combat
  8077 | D:8      | Identified a scroll of acquirement
  8078 | D:8      | Acquired 883 gold pieces
  8607 | D:9      | Noticed Maurice
  8615 | D:9      | Killed Maurice
  8729 | D:9      | Reached **** piety under Cheibriados
  8816 | D:9      | Noticed Grum
  8821 | D:9      | Killed Grum
  8822 | D:9      | Reached skill level 5 in Dodging
  8829 | D:9      | Reached XP level 11. HP: 81/89 MP: 10/10
  9067 | D:9      | Found a staircase to the Orcish Mines.
  9620 | D:10     | Entered Level 10 of the Dungeon
  9855 | D:10     | Noticed a deep troll
  9861 | D:10     | Killed a deep troll
 10133 | D:9      | Reached ***** piety under Cheibriados
 10268 | D:10     | Found a staircase to the Lair.
 10339 | D:10     | Noticed a cyclops
 10339 | D:10     | Noticed a cyan ugly thing
 10427 | D:10     | Killed a cyclops
 10434 | D:10     | Killed a cyan ugly thing
 10511 | D:10     | Found a broken altar of Ashenzari.
 10790 | D:11     | Noticed a two-headed ogre
 10796 | D:11     | Killed a two-headed ogre
 10797 | D:11     | Reached skill level 10 in Dodging
 10797 | D:11     | Noticed Erica
 10803 | D:11     | Killed Erica
 10804 | D:11     | Reached XP level 12. HP: 97/97 MP: 11/11
 10948 | D:11     | Noticed Lodul
 10965 | D:11     | Killed Lodul
 11253 | D:11     | Noticed a boulder beetle
 11271 | D:11     | Killed a boulder beetle
 11575 | D:11     | Noticed Snorg
 11581 | D:11     | Killed Snorg
 11708 | D:11     | Found Ulaikh's Book Boutique.
 11792 | D:12     | Reached skill level 10 in Fighting
 12037 | D:12     | Reached skill level 1 in Invocations
 12116 | D:12     | Noticed Urug
 12122 | D:12     | Killed Urug
 12223 | D:12     | Reached skill level 5 in Invocations
 12393 | D:12     | Noticed a boulder beetle
 12410 | D:12     | Killed a boulder beetle
 12690 | D:12     | Found a runed translucent door.
 12779 | D:12     | Noticed an eight-headed hydra
 12784 | D:12     | Killed an eight-headed hydra
 12785 | D:12     | Noticed a sun demon
 12903 | Lair:1   | Entered Level 1 of the Lair of Beasts
 12939 | Lair:1   | Reached ****** piety under Cheibriados
 13017 | Lair:1   | Reached skill level 1 in Armour
 13380 | Lair:1   | Reached XP level 13. HP: 93/114 MP: 17/17
 13550 | Lair:1   | Reached skill level 5 in Armour
 15020 | Lair:2   | Found a staircase to the Swamp.
 15536 | Lair:3   | Found a gate leading to a gauntlet.
 15552 | Gauntlet | Entered a Gauntlet
 15552 | Gauntlet | Found a transporter.
 15561 | Gauntlet | Found a transporter.
 15576 | Gauntlet | Found a transporter.
 15612 | Gauntlet | Found a transporter.
 15640 | Gauntlet | Found a transporter.
 15649 | Gauntlet | Found a transporter.
 15663 | Gauntlet | Found a transporter.
 15671 | Gauntlet | Found a transporter.
 15673 | Gauntlet | Noticed a great orb of eyes
 15686 | Gauntlet | Found a transporter.
 15705 | Gauntlet | Found a transporter.
 15717 | Gauntlet | Found a transporter.
 15720 | Gauntlet | Noticed a cacodemon
 15729 | Gauntlet | Found a transporter.
 15741 | Gauntlet | Found a transporter.
 15749 | Gauntlet | Noticed a reaper
 15750 | Gauntlet | Found a transporter.
 15772 | Gauntlet | Found a transporter.
 15819 | Gauntlet | Found a transporter.
 15837 | Gauntlet | Found a transporter.
 15866 | Gauntlet | Found a transporter.
 15872 | Gauntlet | Identified the +2 chain mail of the Noxious God {rF- rC+
                  | rCorr}
 16013 | Gauntlet | Killed a reaper
 16031 | Gauntlet | Identified the ring of Zevon {rF+ MP+9 Dex+3}
 16062 | Gauntlet | Identified the +6 shortbow "Deapyire" {drain, Str+4}
 16062 | Gauntlet | Noticed a minotaur
 16076 | Gauntlet | Killed a minotaur
 16096 | Gauntlet | Identified the ring "Cotetugo" {Str+6 Int-4 Dex+3}
 16199 | Lair:3   | You fall into a shaft and drop 2 floors!
 16199 | Lair:5   | Entered Level 5 of the Lair of Beasts
 16216 | Lair:5   | Reached skill level 1 in Shields
 16306 | Lair:5   | Reached XP level 14. HP: 106/124 MP: 18/18
 16571 | Lair:4   | Reached skill level 5 in Shields
 16930 | Lair:4   | Found a dark tunnel.
 16938 | Volcano  | Entered a volcano
 17276 | Volcano  | Identified the +1 pair of boots "Omniar" {rF- SInv Stlth+}
 17396 | Lair:4   | Found a staircase to the Slime Pits.
 17466 | Lair:4   | Noticed Josephine
 17474 | Lair:4   | Killed Josephine
 18048 | Lair:3   | Found a staircase to the Snake Pit.
 18169 | Lair:3   | Identified the +1 mace "Uckaheor" {protect, rC+ rN+ Stlth-}
 19138 | Lair:5   | Reached skill level 10 in Shields
 19771 | Lair:5   | Noticed a dire elephant
 19771 | Lair:5   | Noticed a dire elephant
 19771 | Lair:5   | Noticed a dire elephant
 19771 | Lair:5   | Noticed a dire elephant
 19772 | Lair:5   | Noticed a dire elephant
 19779 | Lair:5   | Killed a dire elephant
 19786 | Lair:5   | Killed a dire elephant
 19787 | Lair:5   | Reached XP level 15. HP: 108/130 MP: 19/19
 19924 | Lair:5   | Identified the +6 battleaxe of Symmetry {freeze, *Rage
                  | rPois rCorr MP+9}
 21105 | D:2      | Killed Sigmund
 21196 | D:5      | Killed turdburglar's ghost
 21199 | D:5      | Killed turdburglar's ghost
 21203 | D:5      | Killed Fodor's ghost
 21204 | D:5      | Killed CInkIbrahim's ghost
 21579 | D:12     | Identified the +4 dagger "Trog's Wrath" {freeze, rC+ Str+3
                  | Dex-4}
 21580 | D:12     | Identified the staff of death "Xigh" {rN+ Int+2}
 21581 | D:12     | Identified the +3 shortbow of the Telling Dragonfly {drain,
                  | Will+ Int+4 Dex+4}
 21672 | D:13     | Noticed Virecef's ghost (journeyman SpRe)
 21675 | D:13     | Found a transporter.
 21732 | D:13     | Identified the +11 scale mail of the Known World {MP+9}
 21936 | D:13     | Found a gate to the Vaults.
 22008 | D:13     | Found a transporter.
 23163 | D:14     | Identified the +1 leather armour "Ogotichyo" {rF+ Regen+
                  | rCorr}
 23420 | D:15     | Entered Level 15 of the Dungeon
 23466 | D:15     | Found a staircase to the Depths.
 23480 | D:15     | Reached XP level 16. HP: 138/138 MP: 20/20
 23522 | D:15     | Reached skill level 15 in Shields
 24497 | Orc:1    | Entered Level 1 of the Orcish Mines
 24542 | Orc:1    | Found a frozen archway.
 24581 | IceCv    | Entered an ice cave
 24748 | IceCv    | Identified the +13 plate armour "Piugif" {Rampage}
 25562 | Orc:1    | Found Qollup's Gadget Gallery.
 25709 | Orc:2    | Entered Level 2 of the Orcish Mines
 25737 | Orc:2    | Found a staircase to the Elven Halls.
 25877 | Orc:2    | Noticed Saint Roka
 25899 | Orc:2    | Killed Saint Roka
 25942 | Orc:2    | Noticed Blork the orc
 25945 | Orc:2    | Killed Blork the orc
 26025 | Orc:2    | Found a transporter.
 26029 | Orc:2    | Noticed jurchenman's ghost (journeyman DECj)
 26127 | Orc:2    | Found a transporter.
 26494 | Orc:2    | Found Okaeng's Antique Weapon Shop.
 26665 | Orc:2    | Found Naek's General Store.
 26680 | Orc:2    | Found Fiok's Antique Armour Shop.
 26695 | Orc:2    | Found Faxin's Jewellery Shop.
 26800 | Orc:2    | Killed jurchenman's ghost
 27025 | D:13     | Killed Virecef's ghost
 27269 | Swamp:1  | Entered Level 1 of the Swamp
 27458 | Swamp:1  | Found a transporter.
 27489 | Swamp:1  | Found a transporter.
 27562 | Swamp:1  | Reached XP level 17. HP: 113/144 MP: 21/21
 27585 | Swamp:1  | Identified the +8 chain mail "Onnawnul" {rF+ Str+5 Dex+4}
 27598 | Swamp:1  | Identified the ring of Roenifim {rF+ MP+9 Str+3 Dex+2}
 27604 | Swamp:1  | Identified the +2 hat of Peek-a-Boo {Harm rF- SInv Stlth+}
 28130 | Swamp:2  | Identified the +9 great sword of the Common Good {vamp,
                  | rN+++ Str-2 Int+5}
 28296 | Swamp:2  | Reached skill level 15 in Dodging
 29288 | Swamp:4  | Entered Level 4 of the Swamp
 29288 | Swamp:4  | Noticed Mara
 29376 | Swamp:4  | Noticed LordWeiramon's illusion
 29618 | Swamp:4  | Killed Mara
 29898 | Swamp:4  | Noticed a tentacled monstrosity
 29906 | Swamp:4  | Killed a tentacled monstrosity
 30053 | Swamp:4  | Noticed Kirke
 30067 | Swamp:4  | Reached XP level 18. HP: 144/151 MP: 22/22
 30071 | Swamp:4  | Killed Kirke
 30330 | Swamp:4  | Noticed Mlioglotl
 30339 | Swamp:4  | Killed Mlioglotl
 30467 | Swamp:4  | Got a decaying rune of Zot
 30670 | Snake:1  | Entered Level 1 of the Snake Pit
 30718 | Snake:1  | Noticed Frances
 30732 | Snake:1  | Killed Frances
 30737 | Snake:1  | Reached skill level 10 in Armour
 31138 | Snake:1  | Noticed Agnes
 31154 | Snake:1  | Killed Agnes
 34275 | Snake:4  | Entered Level 4 of the Snake Pit
 34284 | Snake:4  | Reached XP level 19. HP: 160/160 MP: 23/23
 34701 | Snake:4  | Found Xeca Sytt's Assorted Antiques.
 34785 | Snake:4  | Found Vuraal Lase's Antique Weapon Shoppe.
 34785 | Snake:4  | Found Feosaquv's Book Emporium.
 34788 | Snake:4  | Found Huosum's Weapon Shoppe.
 34790 | Snake:4  | Bought 2 potions of heal wounds for 360 gold pieces
 34790 | Snake:4  | Bought a scroll of torment for 342 gold pieces
 34790 | Snake:4  | Bought a scroll of teleportation for 108 gold pieces
 34793 | Snake:4  | Bought a manual of Invocations for 1440 gold pieces
 35125 | Snake:4  | Got a serpentine rune of Zot
 35692 | Elf:1    | Entered Level 1 of the Elven Halls
 36375 | Elf:1    | You fall into a shaft and drop 1 floor!
 36805 | Elf:2    | Found a runed translucent gate.
 36806 | Elf:2    | Found a runed translucent gate.
 36808 | Elf:2    | Found a runed translucent gate.
 36822 | Elf:2    | Identified the +0 kite shield of the Heavens {rF+ Str+3}
 36822 | Elf:2    | Noticed Asterion
 36832 | Elf:2    | Killed Asterion
 36833 | Elf:2    | Reached XP level 20. HP: 161/168 MP: 24/24
 37141 | Elf:2    | Found a runed translucent gate.
 37141 | Elf:2    | Found a runed translucent gate.
 37141 | Elf:2    | Found a runed translucent gate.
 37449 | Elf:2    | Noticed Zenata
 37464 | Elf:2    | Killed Zenata
 38356 | Elf:3    | Entered Level 3 of the Elven Halls
 38430 | Elf:2    | Found an ancient bone altar of Kikubaaqudgha.
 38511 | Elf:3    | Noticed Roxanne
 38530 | Elf:3    | Killed Roxanne
 38719 | Elf:3    | Found Qocrew's Assorted Antiques.
 38730 | Elf:3    | Bought an embroidered hat for 280 gold pieces
 39411 | Abyss:3  | Cast into level 3 of the Abyss (a deep elf sorcerer)
 39426 | Abyss:3  | Found a corrupted altar of Lugonu.
 39439 | Abyss:3  | Found a corrupted altar of Lugonu.
 39441 | Abyss:3  | Found a corrupted altar of Lugonu.
 39458 | Abyss:3  | Found a corrupted altar of Lugonu.
 39547 | Abyss:3  | Got an abyssal rune of Zot
 39727 | Elf:3    | Escaped the Abyss
 39778 | Elf:3    | Reached XP level 21. HP: 174/174 MP: 25/25
 39823 | Elf:3    | Got the Codex of the Galvanic Excursion
 39825 | Elf:3    | Got the Verses on Resurrection and Thunder
 39845 | Elf:3    | Identified the +1 pair of boots of the Shimmering Gods {rF-
                  | rN+ Stlth+}
 39866 | Elf:3    | Identified the +7 mace of the Vanishing Heavens {holy,
                  | *Noise rPois SInv}
 39877 | Elf:3    | Identified the +5 broad axe of Sunlight {speed, rCorr SInv}
 39879 | Elf:3    | Identified the staff of fire "Umynumn" {rF+ rC+ rN++ Str-2
                  | Int-3}
 39881 | Elf:3    | Identified the +7 great mace "Kifucvauts" {vamp, rElec
                  | Str+4 SInv}
 39887 | Elf:3    | Identified the +7 trident of the Establishment {venom,
                  | rPois Dex+5 SInv}
 39915 | Elf:3    | Got the Elucidation of the Singularity and Despicable
                  | Spells
 40006 | Elf:3    | Identified the +8 quarterstaff of the Bruised Artists
                  | {protect, Str+3}
 40273 | Vaults:1 | Entered Level 1 of the Vaults
 40416 | Vaults:1 | Found the +5 Lochaber axe {reach-cleave, Poleaxe Drain}
 40511 | Vaults:1 | Reached skill level 27 in Unarmed Combat
 41003 | Vaults:1 | Found a runed translucent door.
 41198 | Vaults:1 | Found a portal to a secret trove of treasure.
 41538 | Vaults:2 | Noticed Jory
 41547 | Vaults:2 | Killed Jory
 41586 | Vaults:2 | Found a magical portal.
 41605 | WizLab   | Entered Tukima's Studio
 41783 | WizLab   | Reached skill level 15 in Fighting
 41793 | WizLab   | Noticed LordWeiramon's illusion
 41809 | WizLab   | Noticed LordWeiramon's illusion
 42349 | WizLab   | Identified the scarf of Tulips {repulsion, Slay+2}
 43660 | Vaults:3 | Reached XP level 22. HP: 194/194 MP: 26/26
 44365 | Vaults:3 | Identified the +9 arbalest "Z" {freeze, *Corrode rPois
                  | Str+7 Int+3}
 44404 | Vaults:3 | Found a staircase to the Crypt.
 44404 | Vaults:3 | Found a basalt altar of Yredelemnul.
 44405 | Vaults:3 | Found an ancient bone altar of Kikubaaqudgha.
 45571 | Crypt:1  | Entered Level 1 of the Crypt
 45578 | Crypt:1  | Noticed Xtahua
 45583 | Crypt:1  | Killed Xtahua
 45610 | Crypt:1  | Found a transporter.
 45632 | Crypt:1  | Found a transporter.
 45917 | Crypt:1  | Noticed Esecs's ghost (veteran GrEE)
 46468 | Crypt:1  | Killed Esecs's ghost
 46708 | Crypt:1  | Found a one-way gate to the infinite horrors of the Abyss.
 46729 | Crypt:1  | Identified the ring of Xom's Recklessness {rCorr AC+4}
 46942 | Crypt:2  | Reached XP level 23. HP: 204/204 MP: 27/27
 47550 | Crypt:3  | Entered Level 3 of the Crypt
 47978 | Crypt:3  | Noticed an ancient lich
 47990 | Crypt:3  | Killed an ancient lich
 48353 | Crypt:3  | Found a staircase to the Tomb.
 48797 | Crypt:3  | Noticed an ancient lich
 48856 | Crypt:3  | Killed an ancient lich
 48864 | Crypt:3  | Identified the staff of conjuration "Punikite" {rF+ Will-
                  | Int+6}
 49271 | Depths:1 | Entered Level 1 of the Depths
 49407 | Depths:1 | Found a gateway to Hell.
 49455 | Depths:1 | Found a gateway to a bazaar.
 49461 | Bazaar   | Entered a bazaar
 49461 | Bazaar   | Found Vyxapla's Weapon Emporium.
 49468 | Bazaar   | Found Myhoabb's Antique Armour Shoppe.
 49475 | Bazaar   | Found Ulisey's Assorted Antiques.
 49485 | Bazaar   | Found Jieduf's Book Boutique.
 49581 | Depths:1 | Found a one-way gate leading to the halls of Pandemonium.
 49778 | Depths:1 | Found a broken altar of Ashenzari.
 50765 | Depths:2 | Reached XP level 24. HP: 211/228 MP: 27/27
 51089 | Depths:2 | Found a one-way gateway to a ziggurat.
 51263 | Depths:2 | Found Leohane's General Store.
 51276 | Depths:2 | Bought a scroll of blinking for 127 gold pieces
 51276 | Depths:2 | Bought a potion of curing for 51 gold pieces
 51299 | Depths:2 | Found The Legendary Idiwkod's Legendary Smithy.
 51334 | Depths:2 | Found a blossoming altar of Fedhas.
 51358 | Depths:2 | Found Omuad's Miraculous Elixirs.
 51642 | Depths:2 | Found an ancient bone altar of Kikubaaqudgha.
 51888 | Depths:2 | Found a shimmering blue altar of Sif Muna.
 52044 | Depths:3 | You fall into a shaft and drop 1 floor!
 52044 | Depths:4 | Entered Level 4 of the Depths
 52044 | Depths:4 | Noticed a caustic shrike
 52044 | Depths:4 | Noticed a caustic shrike
 52044 | Depths:4 | Noticed a caustic shrike
 52050 | Depths:4 | Killed a caustic shrike
 52051 | Depths:4 | Killed a caustic shrike
 52051 | Depths:4 | Killed a caustic shrike
 52126 | Depths:4 | Paralysed by a floating eye for 3 turns
 53757 | Depths:4 | Reached XP level 25. HP: 248/248 MP: 27/27
 53885 | Depths:4 | Found a gate to the Realm of Zot.
 54885 | Vaults:4 | Acquired a manual of Dodging
 54887 | Vaults:4 | Acquired a manual of Dodging
 54889 | Vaults:4 | Acquired 960 gold pieces
 54899 | Vaults:5 | Entered Level 5 of the Vaults
 55452 | Vaults:5 | Identified the ring "Yhothrane" {Fly rC+ rCorr}
 55475 | Vaults:5 | Noticed Mennas
 55492 | Vaults:5 | Killed Mennas
 55649 | Vaults:5 | Got the Discursus on Gelid Shadows
 55664 | Vaults:5 | Identified the +5 longbow of Xuisotrue {elec, Dex+3}
 55955 | Vaults:5 | Reached XP level 26. HP: 247/259 MP: 27/27
 55997 | Vaults:5 | Got a silver rune of Zot
 56208 | Vaults:5 | Identified the +7 plate armour "Wyoforail" {Harm rF- Dex+6}
 56308 | Vaults:5 | Identified the +6 scimitar "Bilo" {heavy, Drain rN+ Dex+4}
 56882 | Vaults:3 | Noticed Frederick
 56889 | Vaults:3 | Killed Frederick
 57149 | Slime:1  | Entered Level 1 of the Pits of Slime
 57616 | Slime:1  | You are sucked into a shaft and drop 1 floor!
 57732 | Slime:3  | Reached skill level 10 in Invocations
 58726 | Slime:5  | Entered Level 5 of the Pits of Slime
 59172 | Slime:5  | Noticed the Royal Jelly
 59181 | Slime:5  | Killed the Royal Jelly
 59335 | Slime:5  | Found the +3 robe of Clouds {*Thunder rCloud rElec}
 59349 | Slime:5  | Identified the +0 scale mail of Ilicopuz {Contam Slay+3
                  | SInv}
 59376 | Slime:5  | Identified the ring "Ekhiqem" {Will+ EV+5}
 59398 | Slime:5  | Identified the +7 scale mail "Gukhlar" {Str+5}
 59419 | Slime:5  | Identified the staff of death "Tunef" {rN+ Will- Str+2
                  | Dex+4}
 59422 | Slime:5  | Identified the +9 shortbow "Efrik" {drain, rC- rN++}
 59457 | Slime:5  | Got a slimy rune of Zot
 60031 | Zot:1    | Entered Level 1 of the Realm of Zot
 60104 | Zot:1    | Reached skill level 27 in Fighting
 60121 | Zot:1    | Noticed a Killer Klown
 60162 | Zot:1    | Killed a Killer Klown
 60353 | Zot:1    | Noticed a Killer Klown
 60363 | Zot:1    | Killed a Killer Klown
 60390 | Zot:1    | Noticed a Killer Klown
 60406 | Zot:1    | Reached XP level 27. HP: 249/273 MP: 30/30
 60597 | Zot:1    | Identified the +5 shortbow "Jetyniut" {freeze, rPois Str+2}
 60750 | Zot:1    | Found a shimmering altar of Xom.
 60753 | Zot:1    | Found a shimmering altar of Xom.
 60753 | Zot:1    | Found a shimmering altar of Xom.
 60753 | Zot:1    | Found a shimmering altar of Xom.
 60769 | Zot:1    | Found a shimmering altar of Xom.
 61045 | Zot:1    | Found a shimmering altar of Xom.
 61073 | Zot:2    | Noticed an orb of fire
 61086 | Zot:2    | Killed an orb of fire
 62020 | Zot:3    | Noticed Parghit
 62020 | Zot:3    | Noticed an orb of fire
 62030 | Zot:2    | Killed Parghit
 62049 | Zot:3    | Killed an orb of fire
 62305 | Zot:3    | Noticed an ancient lich
 62307 | Zot:3    | Noticed an orb of fire
 62331 | Zot:3    | Identified the +7 spear "Leschod" {freeze, Dex+4}
 62979 | Zot:3    | Noticed a dread lich
 62994 | Zot:3    | Noticed an orb of fire
 63075 | Zot:3    | Found a transporter.
 63079 | Zot:3    | Found a radiant altar of Vehumet.
 63466 | Zot:3    | Noticed an ancient lich
 63509 | Zot:3    | Killed an orb of fire
 63524 | Zot:3    | Killed a dread lich
 63535 | Zot:3    | Killed an ancient lich
 63995 | Zot:3    | Killed an orb of fire
 64019 | Zot:3    | Killed an ancient lich
 64030 | Zot:3    | Got Sif Muna's Papyrus of the Feculent Cumulonimbus
 64065 | Zot:3    | Found a transporter.
 65628 | Zot:4    | Acquired 425 gold pieces
 65630 | Zot:4    | Acquired the amulet of Kaoger {Faith rN+ Will+ SInv Stlth+}
 65655 | Zot:5    | Entered Level 5 of the Realm of Zot
 66014 | Zot:5    | Noticed a dread lich
 66031 | Zot:5    | Killed a dread lich
 66287 | Zot:5    | Noticed an orb of fire
 66290 | Zot:5    | Noticed an ancient lich
 66293 | Zot:5    | Killed an orb of fire
 66308 | Zot:5    | Killed an ancient lich
 66384 | Zot:5    | Noticed an ancient lich
 66399 | Zot:5    | Killed an ancient lich
 66440 | Zot:5    | Noticed an orb of fire
 66452 | Zot:5    | Killed an orb of fire
 66823 | Zot:5    | Noticed an orb of fire
 66834 | Zot:5    | Killed an orb of fire
 66850 | Zot:5    | Noticed a dread lich
 66862 | Zot:5    | Killed a dread lich
 66872 | Zot:5    | Noticed an ancient lich
 66881 | Zot:5    | Killed an ancient lich
 67026 | Zot:5    | Noticed an orb of fire
 67038 | Zot:5    | Killed an orb of fire
 67323 | Pan      | Entered Pandemonium
 67399 | Pan      | Noticed Niepty the pandemonium lord
 67406 | Pan      | Killed Niepty the pandemonium lord
 67427 | Pan      | Got Laledd's Anthology of the Supportive Oath
 67709 | Pan      | Noticed For Tuong the pandemonium lord
 67878 | Pan      | Killed For Tuong the pandemonium lord
 68286 | Pan      | Identified the +0 chain mail "Xison Agosa" {+Inv Regen+
                  | Dex+3 SInv}
 68289 | Pan      | Got a demonic rune of Zot
 69008 | Pan      | Found an exit through the horrors of the Abyss.
 69260 | Pan      | Noticed Letufrio the pandemonium lord
 69432 | Pan      | Noticed Voucveot the pandemonium lord
 69446 | Pan      | Killed Voucveot the pandemonium lord
 69785 | Pan      | Found an exit through the horrors of the Abyss.
 70041 | Pan      | Entered the realm of Gloorx Vloq.
 71259 | Pan      | Noticed Gloorx Vloq
 71275 | Pan      | Killed Gloorx Vloq
 71293 | Pan      | Reached skill level 27 in Shields
 71606 | Pan      | Got a dark rune of Zot
 71952 | Pan      | Found a transporter.
 71975 | Pan      | Found a transporter.
 72057 | Pan      | Entered the realm of Mnoleg.
 72101 | Pan      | Noticed Mnoleg
 72143 | Pan      | Killed Mnoleg
 72160 | Pan      | Got a glowing rune of Zot
 72559 | Pan      | Reached skill level 27 in Dodging
 72762 | Pan      | Noticed Mupniom the pandemonium lord
 72775 | Pan      | Killed Mupniom the pandemonium lord
 73229 | Pan      | Noticed Qith the pandemonium lord
 73242 | Pan      | Killed Qith the pandemonium lord
 74136 | Pan      | Noticed Nuofeq the pandemonium lord
 74506 | Pan      | Killed Nuofeq the pandemonium lord
 74621 | Pan      | Entered the realm of Cerebov.
 74847 | Pan      | Identified the +6 lajatang of the Bashing Gods {venom,
                  | Dex+3 SInv}
 74849 | Pan      | Got the Atlas of Creative Combustion
 75055 | Pan      | Identified the +2 battleaxe "Jear" {venom, rPois Int-4
                  | Stlth+}
 75129 | Pan      | Found the +6 sword of Cerebov {flame}
 75129 | Pan      | Noticed Cerebov
 75268 | Pan      | Reached skill level 15 in Armour
 75302 | Pan      | Identified the staff of earth "Ilol" {rElec rPois Int+4
                  | Dex-3}
 75303 | Pan      | Identified the staff of conjuration "Leat Hosuita" {Will++
                  | MP+9}
 75389 | Pan      | Identified the +8 shortbow "Beastslayer" {heavy, Drain
                  | rPois Int+4}
 75389 | Pan      | Identified the ring "Ummiwnek" {rElec rC+ Will+ rCorr}
 75529 | Pan      | Killed Cerebov
 75579 | Pan      | Identified the staff of poison "Doistrali" {rPois rN+}
 75582 | Pan      | Identified the staff of poison "Bucw" {rElec rPois rC++
                  | rCorr Int-2}
 75611 | Pan      | Got a fiery rune of Zot
 75695 | Pan      | Entered the realm of Lom Lobon.
 76083 | Pan      | Noticed Lom Lobon
 76098 | Pan      | Killed Lom Lobon
 76170 | Pan      | Got a magical rune of Zot
 76185 | Pan      | Identified the staff of conjuration "Zystreyn" {Str+2}
 76520 | Pan      | Found an exit through the horrors of the Abyss.
 76529 | Pan      | Took an exit into the Abyss.
 76529 | Abyss:3  | Escaped into the Abyss
 76535 | Abyss:3  | Noticed a juggernaut
 76542 | Abyss:3  | Killed a juggernaut
 76569 | Abyss:4  | Found a corrupted altar of Lugonu.
 76663 | Depths:4 | Escaped the Abyss
 76710 | Hell     | Entered the Vestibule of Hell
 76710 | Hell     | Noticed Geryon
 76735 | Hell     | Killed Geryon
 77005 | Hell     | Found a gateway to the Iron City of Dis.
 77056 | Hell     | Found a gateway to the ashen valley of Gehenna.
 77237 | Hell     | Noticed a dread lich
 77248 | Hell     | Killed a dread lich
 77325 | Hell     | Found a gateway to the decaying netherworld of Tartarus.
 77475 | Hell     | Found a gateway to the freezing wastes of Cocytus.
 77584 | Tar:1    | Entered Level 1 of Tartarus
 78073 | Tar:2    | Found a huge runed gate.
 78073 | Tar:2    | Found a huge runed gate.
 78073 | Tar:2    | Found a huge runed gate.
 78073 | Tar:2    | Found a huge runed gate.
 78073 | Tar:2    | Found a huge runed gate.
 78073 | Tar:2    | Found a huge runed gate.
 78076 | Tar:2    | Found a huge runed gate.
 78076 | Tar:2    | Found a huge runed gate.
 78076 | Tar:2    | Found a huge runed gate.
 78078 | Tar:2    | Found a huge runed gate.
 78091 | Tar:2    | Found a huge runed gate.
 78091 | Tar:2    | Found a huge runed gate.
 78091 | Tar:2    | Found a huge runed gate.
 78091 | Tar:2    | Found a huge runed gate.
 78091 | Tar:2    | Found a huge runed gate.
 78095 | Tar:2    | Found a huge runed gate.
 78096 | Tar:2    | Found a huge runed gate.
 78097 | Tar:2    | Found a huge runed gate.
 78098 | Tar:2    | Found a huge runed gate.
 78175 | Tar:2    | Found a huge runed gate.
 78193 | Tar:2    | Found a huge runed gate.
 78193 | Tar:2    | Found a huge runed gate.
 78193 | Tar:2    | Found a huge runed gate.
 78193 | Tar:2    | Found a huge runed gate.
 78193 | Tar:2    | Found a huge runed gate.
 78193 | Tar:2    | Found a huge runed gate.
 78193 | Tar:2    | Found a huge runed gate.
 78195 | Tar:2    | Found a huge runed gate.
 78202 | Tar:2    | Found a huge runed gate.
 78202 | Tar:2    | Found a huge runed gate.
 78202 | Tar:2    | Found a huge runed gate.
 78202 | Tar:2    | Found a huge runed gate.
 78202 | Tar:2    | Found a huge runed gate.
 78202 | Tar:2    | Found a huge runed gate.
 78203 | Tar:2    | Found a huge runed gate.
 78204 | Tar:2    | Found a huge runed gate.
 78355 | Tar:3    | Noticed a dread lich
 78356 | Tar:3    | Noticed a dread lich
 78362 | Tar:3    | Killed a dread lich
 78365 | Tar:3    | Killed a dread lich
 78366 | Tar:3    | Noticed an ancient lich
 78366 | Tar:3    | Noticed a dread lich
 78369 | Tar:3    | Noticed a dread lich
 78371 | Tar:3    | Noticed a dread lich
 78378 | Tar:3    | Killed an ancient lich
 78387 | Tar:3    | Killed a dread lich
 78390 | Tar:3    | Killed a dread lich
 78392 | Tar:3    | Noticed a dread lich
 78395 | Tar:3    | Killed a dread lich
 78410 | Tar:3    | Killed a dread lich
 78429 | Tar:3    | Noticed a dread lich
 78430 | Tar:3    | Noticed a dread lich
 78435 | Tar:3    | Killed a dread lich
 78438 | Tar:3    | Killed a dread lich
 79112 | Tar:5    | You are sucked into a shaft and drop 1 floor!
 79224 | Tar:7    | Entered Level 7 of Tartarus
 81013 | Tar:7    | Identified the +8 short sword of Immorality {flame, rF+
                  | Int-3 Stlth+}
 81013 | Tar:7    | Noticed Ereshkigal
 81024 | Tar:7    | Killed Ereshkigal
 81043 | Tar:7    | Got a bone rune of Zot
 81047 | Tar:7    | Identified the +7 shortbow of the Lurker {antimagic, rPois}
 81048 | Tar:7    | Identified the +1 great sword "Vohan" {heavy, rC- Str+6}
 81194 | Coc:1    | Entered Level 1 of Cocytus
 81586 | Coc:3    | Paralysed by a wendigo for 1 turns
 82201 | Coc:4    | Paralysed by a wendigo for 1 turns
 82747 | Coc:5    | Paralysed by a wendigo for 1 turns
 82755 | Coc:5    | Paralysed by a wendigo for 1 turns
 83135 | Coc:6    | Noticed an ancient lich
 83177 | Coc:6    | Killed an ancient lich
 83310 | Coc:7    | Entered Level 7 of Cocytus
 83334 | Coc:7    | Paralysed by a wendigo for 1 turns
 83435 | Coc:7    | Paralysed by a wendigo for 1 turns
 83442 | Coc:7    | Paralysed by a wendigo for 1 turns
 83774 | Coc:7    | Noticed the Serpent of Hell
 83808 | Coc:7    | Killed the Serpent of Hell
 83832 | Coc:7    | Noticed Antaeus
 83836 | Coc:7    | Reached skill level 27 in Armour
 84349 | Coc:7    | Paralysed by a wendigo for 1 turns
 84356 | Coc:7    | Reached skill level 1 in Stealth
 84510 | Coc:7    | Found the +18 shield of the Gong {Loud rN+ Will+ rCorr
                  | EV-5}
 84510 | Coc:7    | Found the +2 hood of the Assassin {Detect Stab+ Stlth++}
 84531 | Coc:7    | Identified the amulet "Rygierax" {Reflect Harm rElec Slay-6
                  | SH+5 SInv}
 84640 | Coc:7    | Reached skill level 5 in Stealth
 84709 | Coc:7    | Killed Antaeus
 84739 | Coc:7    | Got an icy rune of Zot
 84813 | Geh:1    | Entered Level 1 of Gehenna
 85470 | Geh:2    | Reached skill level 10 in Stealth
 86100 | Geh:4    | Noticed a dread lich
 86115 | Geh:4    | Killed a dread lich
 87266 | Geh:7    | Entered Level 7 of Gehenna
 87523 | Geh:7    | Reached skill level 15 in Stealth
 88258 | Geh:7    | Found the +13 sceptre of Asmodeus
 88258 | Geh:7    | Noticed Asmodeus
 88273 | Geh:7    | Killed Asmodeus
 88464 | Geh:7    | Got an obsidian rune of Zot
 88707 | Dis:1    | Entered Level 1 of the Iron City of Dis
 88713 | Dis:1    | Reached skill level 1 in Evocations
 88815 | Dis:1    | Reached skill level 5 in Evocations
 88982 | Dis:2    | Reached skill level 1 in Throwing
 89220 | Dis:2    | Noticed a royal mummy
 89221 | Dis:2    | Killed a royal mummy
 89236 | Dis:2    | Noticed a royal mummy
 89242 | Dis:2    | Killed a royal mummy
 89246 | Dis:2    | Noticed a royal mummy
 89250 | Dis:2    | Killed a royal mummy
 89251 | Dis:2    | Reached skill level 5 in Throwing
 89258 | Dis:2    | Noticed an ancient lich
 89258 | Dis:2    | Noticed a dread lich
 89266 | Dis:2    | Killed a dread lich
 89267 | Dis:2    | Noticed a royal mummy
 89270 | Dis:2    | Killed an ancient lich
 89451 | Dis:2    | Killed a royal mummy
 89792 | Dis:3    | You are sucked into a shaft and drop 3 floors!
 89845 | Dis:7    | Entered Level 7 of the Iron City of Dis
 91480 | Dis:7    | Identified the +3 trident of Contradiction {venom, rF+}
 91533 | Dis:7    | Identified the ring of Amuklih {+Blink rF- rCorr Int-5
                  | Dex+9}
 91545 | Dis:7    | Found the dreamshard necklace {*Dream Drain}
 91939 | Dis:7    | Noticed Dispater
 92057 | Dis:7    | Killed Dispater
 92105 | Dis:7    | Found the amulet of the Air {Inacc Air Fly rElec RMsl}
 92113 | Dis:7    | Identified the staff of death "Coimon" {rN+ Str+3}
 92118 | Dis:7    | Got an iron rune of Zot
 92765 | Tomb:1   | Entered Level 1 of the Tomb of the Ancients
 93086 | Tomb:1   | Noticed a royal mummy
 93101 | Tomb:1   | Killed a royal mummy
 93343 | Tomb:1   | Paralysed by a Zot trap for 3 turns
 93614 | Tomb:2   | Noticed a royal mummy
 93617 | Tomb:2   | Noticed a royal mummy
 93624 | Tomb:2   | Noticed a royal mummy
 93626 | Tomb:2   | Noticed a royal mummy
 93635 | Tomb:2   | Killed a royal mummy
 93671 | Tomb:2   | Killed a royal mummy
 93676 | Tomb:2   | Killed a royal mummy
 93702 | Tomb:2   | Killed a royal mummy
 94385 | Tomb:1   | Noticed a royal mummy
 94389 | Tomb:1   | Noticed a royal mummy
 94397 | Tomb:1   | Killed a royal mummy
 94398 | Tomb:1   | Noticed a royal mummy
 94398 | Tomb:1   | Noticed a royal mummy
 94404 | Tomb:1   | Noticed a royal mummy
 94405 | Tomb:1   | Killed a royal mummy
 94407 | Tomb:1   | Noticed a royal mummy
 94410 | Tomb:1   | Killed a royal mummy
 94413 | Tomb:1   | Noticed a royal mummy
 94416 | Tomb:1   | Noticed a royal mummy
 94417 | Tomb:1   | Killed a royal mummy
 94546 | Tomb:1   | Noticed a royal mummy
 94546 | Tomb:1   | Noticed a royal mummy
 94546 | Tomb:1   | Noticed a royal mummy
 94551 | Tomb:1   | Killed a royal mummy
 94560 | Tomb:1   | Killed a royal mummy
 94570 | Tomb:1   | Killed a royal mummy
 94570 | Tomb:1   | Noticed a royal mummy
 94571 | Tomb:1   | Reached skill level 27 in Stealth
 94571 | Tomb:1   | Noticed a royal mummy
 94579 | Tomb:1   | Killed a royal mummy
 94888 | Tomb:1   | Killed a royal mummy
 94900 | Tomb:1   | Killed a royal mummy
 94906 | Tomb:1   | Killed a royal mummy
 94908 | Tomb:1   | Noticed a royal mummy
 94916 | Tomb:1   | Killed a royal mummy
 94922 | Tomb:1   | Killed a royal mummy
 94984 | Tomb:1   | Killed a royal mummy
 95083 | Tomb:1   | Noticed a royal mummy
 95085 | Tomb:1   | Noticed a royal mummy
 95090 | Tomb:1   | Killed a royal mummy
 95100 | Tomb:1   | Killed a royal mummy
 95143 | Tomb:1   | Noticed a royal mummy
 95159 | Tomb:1   | Killed a royal mummy
 95203 | Tomb:1   | Noticed a royal mummy
 95211 | Tomb:1   | Killed a royal mummy
 95221 | Tomb:1   | Noticed a royal mummy
 95230 | Tomb:1   | Killed a royal mummy
 95273 | Tomb:1   | Noticed a royal mummy
 95280 | Tomb:1   | Killed a royal mummy
 95327 | Tomb:1   | Noticed a royal mummy
 95334 | Tomb:1   | Killed a royal mummy
 95336 | Tomb:1   | Noticed a royal mummy
 95343 | Tomb:1   | Killed a royal mummy
 95381 | Tomb:2   | Reached skill level 10 in Evocations
 95644 | Tomb:3   | Entered Level 3 of the Tomb of the Ancients
 95703 | Tomb:3   | Noticed a royal mummy
 95703 | Tomb:3   | Noticed a royal mummy
 95703 | Tomb:3   | Noticed a royal mummy
 95783 | Tomb:3   | Noticed a royal mummy
 95788 | Tomb:3   | Killed a royal mummy
 95804 | Tomb:3   | Killed a royal mummy
 95807 | Tomb:3   | Noticed a royal mummy
 95808 | Tomb:3   | Noticed a royal mummy
 95823 | Tomb:3   | Killed a royal mummy
 95832 | Tomb:3   | Killed a royal mummy
 95836 | Tomb:3   | Killed a royal mummy
 95843 | Tomb:3   | Noticed a royal mummy
 95863 | Tomb:3   | Killed a royal mummy
 96159 | Tomb:3   | Noticed a royal mummy
 96169 | Tomb:3   | Killed a royal mummy
 96372 | Tomb:3   | Got a golden rune of Zot
 96489 | Tomb:3   | Killed a royal mummy
 96813 | Tomb:3   | Identified the +0 quarterstaff of the Bursting Moth {speed,
                  | Fly rN+}
 96815 | Tomb:3   | Identified the ring "Lonah" {*Slow rCorr Dex+4 SInv Stlth+}
 96823 | Tomb:3   | Got the Anthology of the Scintillating Xenotype
 96840 | Tomb:3   | Identified the ring "Maysuig" {rPois rF- rC+ rN+ Will++}
 97539 | Zot:5    | Got the Orb of Zot
 98149 | D:$      | Escaped with the Orb!

Illustrated notes

Levels and vault maps discovered:
D:1:      nzn_arrival_settlement, layout_rooms, serial_shops, shop
D:2:      layout_basic, uniq_sigmund
D:3:      lemuel_castle_with_subvaults [lemuel_castle_interior_carwin_1],
          layout_rooms, mainiacjoe_overflow_two_lobes, basic_ecumenical_altar,
          serial_shops, nicolae_shop_bloodbath_and_beyond, shop,
          nicolae_shop_hallway_stairs, minmay_shallow_snake_nest
D:4:      layout_loops_ring, mainiacjoe_overflow_six_doors_small,
          minmay_misc_feat_chi, grunt_ministairs_10, st_stairs_14, uniq_grinder,
          uniq_natasha
D:5:      minmay_skewed_foursquare, layout_layer_cave, lemuel_tele_altar,
          pdpol_wu_jian_five_deadly_venoms, gammafunk_ghost_cemetery,
          enter_ossuary_4, grunt_decor_fettered
D:6:      nicolae_cairo_tiling, layout_loops_cross, lemuel_temple_firewalk_b,
          uniq_crazy_yiuf_cottage
D:7:      layout_cave_pools, kennysheep_okawaru_gauntlet, uniq_menkaure
D:8:      layout_gridville, nicolae_overflow_squiral, uniq_gastronok
D:9:      hellmonk_crumbling_castle, layout_layer_cave, nrook_campfire,
          uniq_grum, uniq_maurice
D:10:     lemuel_troll_bridge, layout_basic, marbit_many_paths, lair_entry_dummy
D:11:     layout_basic, serial_shops, shop, uniq_erica, uniq_snorg, uniq_lodul
D:12:     layout_loops_ring, serial_glass, glass_columns_b, glass_columns_a,
          minmay_crystal_box, uniq_urug
D:13:     layout_roguey [special_room_orc], grunt_vaults_entry_tiered,
          gammafunk_ghost_arena, kennysheep_cross_bottleneck
D:14:     layout_basic, chequers_serial_rivers_marsh, serial_bayou_ford_a
D:15:     gammafunk_depths_entry_grave, layout_basic,
          dreamdust_mushroom_princess
Temple:   nicolae_temple_figure_eight
Lair:1:   layout_layer_cave, serial_forest, infiniplex_forest_clump_small,
          infiniplex_forest_split, infiniplex_forest_zigzag_2,
          infiniplex_forest_end_2, infiniplex_forest_lined_room_,
          infiniplex_forest_straight_5, st_stairs_13,
          chequers_serial_rivers_room_b
Lair:2:   layout_chaotic_city, minmay_swamp_entry_worms, basic_altar,
          infiniplex_staircase_pool_2, lemuel_fruit_fields
Lair:3:   layout_layer_cave, guppyfry_snake_entry_island, gauntlet_entry_generic
Lair:4:   lemuel_slime, layout_big_grid, slime_entry_1, enter_volcano_1,
          uniq_josephine
Lair:5:   due_jungle_book, layout_cellular_growth, st_stairs_5,
          serial_bayou_shore_b
Swamp:1:  gammafunk_worm_tunnel, layout_basic_swamp, evilmike_swamp_ruin_house_5
Swamp:2:  layout_basic_swamp, hangedman_swamp_ruin_wall
Swamp:3:  layout_falls_marsh, evilmike_swamp_ruin_house_2
Swamp:4:  swamp, layout_basic_swamp, nicolae_swamp_very_dense_foliage,
          uniq_mlioglotl, uniq_mara, uniq_kirke
Snake:1:  layout_concentric_octagons, uniq_frances, uniq_agnes
Snake:2:  layout_onion, nicolae_triple_integral
Snake:3:  layout_layer_cave, serial_bayou_shore_a, lemuel_fruit_tree
Snake:4:  minmay_snake_end_coiled, layout_rooms, nicolae_snake_salamander_zone,
          minmay_shoptagon
Slime:1:  layout_caves
Slime:2:  layout_caves
Slime:3:  layout_caves, nicolae_slime_welcoming_committee
Slime:4:  layout_caves
Slime:5
Orc:1:    layout_caves, portal_ice_cave_entry_animals_and_master, basic_altar,
          nicolae_shop_gadgets
Orc:2:    grunt_orc_cross, layout_diamond_mine,
          gammafunk_ghost_berserking_beasts
Elf:1:    nicolae_elf_arrival_aired_out, layout_gridlike,
          hangedman_elf_disciples, grunt_megastairs_3
Elf:2:    elven_hall_of_blades_hangedman_original
          [infiniplex_blade_entry_pillars], layout_gridlike,
          nicolae_gammafunk_elf_defective_weapons_storage,
          lemuel_upstairs_altar, uniq_zenata, uniq_asterion
Elf:3:    elf_hall, layout_onion_city, serial_shops, shop,
          minmay_elf_necromancy, uniq_roxanne
Vaults:1: nicolae_vaults_wine_cellar, nicolae_vaults_oozy_zoo,
          nicolae_vaults_heist, v_misc_22, nicolae_vaults_little_squares_5,
          hangedman_vaults_stitches, nicolae_vaults_network_barrier,
          nicolae_vaults_storage_room_glass, nicolae_vaults_little_squares_3,
          nicolae_vaults_shrinking_rooms_2, nicolae_vaults_tetromino_L_1,
          nicolae_vaults_storage_room_doors, nicolae_vaults_house_2,
          vaults_room_hallway, nicolae_vaults_tangram_1, layout_vaults_ring,
          nicolae_trove_entry_path_of_doom
Vaults:2: mu_enter_wizlab_6, nicolae_vaults_closet_pinwheel_5,
          nicolae_vaults_tetromino_Z_2, vaults_standard_mumra_enter_the_diamond,
          nicolae_vaults_trapezoid_lopsided_4, nicolae_vaults_closet_pinwheel_2,
          nicolae_vaults_offset_grid_hallway_1, nicolae_vaults_diamond_1,
          hangedman_vaults_restitches, v_pattern_4,
          nicolae_vaults_tetromino_L_2, layout_vaults_big_cross, uniq_jory
Vaults:3: nicolae_vaults_sealed_display, nicolae_vaults_shipping_containers_3,
          nicolae_vaults_little_squares_4, vaults_mumra_hexcomb,
          nicolae_vaults_yaktaur_gun_rack, nicolae_vaults_surprise_closet,
          minmay_crypt_entry_necro_gods, nicolae_vaults_trapezoid_1,
          nicolae_vaults_surprise_closet, nicolae_vaults_tetromino_L_2,
          layout_vaults_quadrants, uniq_frederick
Vaults:4: nicolae_vaults_steering_wheel, v_alt_pattern_6,
          nicolae_vaults_stairing_the_circle,
          nicolae_vaults_shipping_containers_4, nicolae_vaults_disjoint_gnomons,
          nicolae_vaults_trapezoid_3, hangedman_vaults_corner_blocks,
          vaults_dpeg_ring, grunt_vaults_diagonal, grunt_vaults_hallway_short,
          ontoclasm_vaults_eye, nicolae_vaults_circle_grid_b, vaults_room_fours,
          layout_vaults_maze_bifur
Vaults:5: serial_shops, uniq_mennas
Crypt:1:  layout_regular_city, gammafunk_ghost_abyssal_escape,
          grunt_crypt_arrival_webbed, uniq_xtahua
Crypt:2:  layout_catacombs, chequers_hall_statues_y
Crypt:3:  david_glass_crypt, layout_chaotic_city,
          nicolae_tomb_entry_unfolded_pyramid_diagonal, grunt_ministairs_6,
          ebering_dispersal_statue_hall
Tomb:1
Tomb:2
Tomb:3
Depths:1: layout_gridlike, hell_entry, grunt_pan_entry_sceptre, serial_shops,
          statue_bzr, minmay_misc_feat_tower, nicolae_ashenzari_skybound,
          serial_bayou_shore_b
Depths:2: grated_community_mu [grated_community_mu_vampire_home,
          grated_community_mu_giant_home, grated_community_mu_spellcaster_home,
          grated_community_mu_orcish_home, grated_community_mu_troll_home,
          grated_community_mu_taur_home, grated_community_mu_unbuilt_plot],
          layout_twisted_cross, enter_ziggurat_d, rand_demon_pan_entry_5,
          kennysheep_minor_cross, hell_entry, nrook_pool_corridor
Depths:3: kb_forest_paths, layout_basic, roderic_serpentine_path, abyss_entry,
          pf_coc_iceberg, chequers_jeans
Depths:4: grunt_x_marks_the_spot, layout_cave_shapes, grunt_hell_entry_dis_old,
          nicolae_benzene_ring, grunt_pan_entry_spiral
Hell
Dis:1:    layout_gridville
Dis:2:    layout_gridville, lemuel_mystery_crypt
Dis:3:    layout_subdivisions
Dis:6:    layout_gridville
Dis:7:    iron_city_of_dis [dis_mu, dis_wall_5], layout_gridville
Geh:1:    layout_gehenna_lava_caves
Geh:2:    layout_gehenna_pools_box
Geh:3:    layout_gehenna_pools_box, gehenna_fire_generator
Geh:4:    layout_gehenna_lava_caves
Geh:5:    layout_gehenna_pools_basic, nicolae_geh_isolated_escape
Geh:6:    layout_gehenna_pools_box
Geh:7:    geh_old
Coc:1:    layout_ice_bergs
Coc:2:    layout_cocytus_water_paths
Coc:3:    layout_ice_bergs, nicolae_hells_seeping_fissure
Coc:4:    layout_ice_bergs
Coc:5:    layout_cocytus_water_paths
Coc:6:    layout_cocytus_water_paths
Coc:7:    coc_dpeg
Tar:1:    layout_honeycomb
Tar:2:    layout_grid_maze, door_vault
Tar:3:    layout_cathedral_of_symmetry, nicolae_hells_leichenhalle
Tar:4:    layout_catacombs
Tar:5:    layout_grid_maze, nicolae_tar_cuneiform_sun,
          nicolae_tar_four_comb_rooms
Tar:6:    layout_honeycomb, nicolae_hells_fiendish_ambush
Tar:7:    tar_minmay_river
Zot:1:    dreamdust_zin_vs_xom, layout_onion_interference
Zot:2:    layout_misc_corridors, uniq_grunn
Zot:3:    gammafunk_sealed_library, layout_gridlike, st_stairs_11,
          lemuel_elevator, uniq_parghit
Zot:4:    nicolae_moth_party, layout_twisted_circle
Zot:5:    layout_misc_corridors

Skill      XL: |  1  2  3  4  5  6  7  8  9 10 11 12 13 14 15 16 17 18 19 20 21 22 23 24 25 26 27 |
---------------+----------------------------------------------------------------------------------+-----
Unarmed Combat | 4 5 6 7 8 9 11 14 16 18 20 23 26 27 | 27.0
Fighting       | 4 6 10 11 12 15 16 21 24 25 27 | 27.0
Dodging        | 5 10 14 16 20 25 27 | 27.0
Invocations    | 7 11 14 | 14.8
Armour         | 3 5 8 10 27 | 27.0
Shields        | 3 10 14 15 16 27 | 27.0
Stealth        | 27 | 27.0
Evocations     | 14 | 14.9
Throwing       | 6 |  6.9

Action                     |  1- 3 |  4- 6 |  7- 9 | 10-12 | 13-15 | 16-18 | 19-21 | 22-24 | 25-27 || total
---------------------------+-------+-------+-------+-------+-------+-------+-------+-------+-------++-------
  Melee: Unarmed           |    91 |   149 |   343 |   389 |  1081 |  1500 |  1229 |  1370 |  7691 || 13843
  Throw: Throwing net      |       |       |     1 |     2 |     2 |       |       |       |     2 ||     7
 Invoke: Temporal Distorti |       |       |       |       |     2 |     4 |     3 |     1 |    23 ||    33
         Slouch            |       |       |       |       |       |     1 |     7 |     4 |    28 ||    40
         Bend Time         |       |       |       |       |       |       |       |       |     7 ||     7
  Evoke: Wand              |       |       |       |     4 |       |     4 |     1 |     4 |     4 ||    17
    Use: Scroll            |       |     1 |    12 |    11 |     8 |     3 |     4 |     1 |    53 ||    93
         Potion            |       |       |       |     4 |       |       |     2 |       |    36 ||    42
   Stab: Held in net/web   |       |       |     2 |     2 |     4 |       |       |       |     3 ||    11
         Distracted        |       |       |       |       |       |       |     1 |     2 |    23 ||    26
         Sleeping          |       |       |       |       |       |       |       |     5 |    43 ||    48
 Armour: Leather armour    |    13 |    31 |    45 |       |       |       |       |       |       ||    89
         Ring mail         |       |       |       |    52 |    22 |       |       |       |       ||    74
         Pearl dragon scal |       |       |       |       |   106 |       |       |       |       ||   106
         Scale mail        |       |       |       |       |    33 |    70 |       |       |       ||   103
         Chain mail        |       |       |       |       |       |   147 |   114 |   119 |    33 ||   413
         Storm dragon scal |       |       |       |       |       |       |       |       |  1092 ||  1092
  Dodge: Dodged            |    48 |    96 |   151 |   272 |   491 |   740 |   485 |   478 |  4376 ||  7137
         Repelled          |       |       |       |     3 |     1 |       |       |       |       ||     4
  Block: Tower shield      |       |       |       |       |   658 |  2126 |  1291 |  1274 |  8046 || 13395
         Reflection        |       |       |       |       |    15 |   177 |   207 |    70 |    70 ||   539
